 Dungeon Crawl Stone Soup version 0.20-a0-1122-gb7cbeb9 (webtiles) character file.

349 Monsterracer the Spear-Bearer (level 6, -12/49 HPs)
             Began as a Merfolk Fighter on May 14, 2017.
             Mangled by a mummy (13 damage)
             ... in an ossuary.
             The game lasted 00:08:38 (2916 turns).

Monsterracer the Spear-Bearer (Merfolk Fighter)     Turns: 2916, Time: 00:08:40

Health: -12/49     AC:  6    Str: 16    XL:     6   Next: 60%
Magic:  6/6        EV: 11    Int:  7    God:
Gold:   177        SH:  0    Dex: 18    Spells: 4/5 levels left

rFire    . . .     SeeInvis .   a - +0 trident
rCold    . . .     Gourm    .   (no shield)
rNeg     . . .     Faith    .   b - +0 scale mail
rPois    .         Spirit   .   (no helmet)
rElec    .         Reflect  .   (no cloak)
rCorr    .         Harm     .   (no gloves)
MR       .....     Clarity  +   (no boots)
Stlth    ..........             (no amulet)
Regen    0.2/turn               (no ring)
MPRegen  0.1/turn               (no ring)

@: no status effects
A: change form in water, swift swim, stealthy swim, agile 1, clarity
a: no special abilities


You were in an ossuary.
You were not hungry.

You visited 1 branch of the dungeon, and saw 4 of its levels.
You also visited: Ossuary.

You collected 177 gold pieces.

Inventory:

Hand Weapons
 a - a +0 trident (weapon)
Armour
 b - a +0 scale mail (worn)
Scrolls
 d - a scroll of enchant armour {unknown}
 e - 2 scrolls of noise {unknown}
 h - 5 scrolls of teleportation {unknown}
 i - 3 scrolls of remove curse {unknown}
 j - 4 scrolls of identify {unknown}
 k - 3 scrolls of amnesia {unknown}
 l - a scroll of fog {unknown}
 m - a scroll of enchant weapon {unknown}
Comestibles
 c - a chunk of flesh
 f - 5 bread rations
 g - 5 meat rations


   Skills:
 + Level 4.3 Fighting
 * Level 8.2 Polearms
 - Level 2.1 Armour
 + Level 3.1 Dodging
   Level 3.0 Shields


You had 4 spell levels left.
You knew the following spells:

 Your Spells              Type           Power        Failure   Level  Hunger
a - Magic Dart            Conj           #...         86%         1    ##.....


Dungeon Overview and Level Annotations

Branches:
Dungeon (4/15)
 Temple: D:4-7

Altars:
Cheibriados
Elyvilon


Innate Abilities, Weirdness & Mutations

You revert to your normal form in water.
You are very nimble and swift while swimming.
You are very stealthy in the water. (Stealth+)
You are agile. (Dex +2)
You possess an exceptional clarity of mind.


Message History

The orc zombie closely misses you.
You closely miss the mummy.
The mummy is lightly damaged.
The hobgoblin zombie hits you but does no damage.
The mummy hits you!
* * * LOW HITPOINT WARNING * * *
The big kobold zombie hits you but does no damage.
You hit the mummy.
The mummy is heavily damaged.
The orc zombie hits you.
* * * LOW HITPOINT WARNING * * *
The hobgoblin zombie barely misses you.
You barely miss the mummy.
The mummy is heavily damaged.
The big kobold zombie hits you.
* * * LOW HITPOINT WARNING * * *
The orc zombie hits you.
* * * LOW HITPOINT WARNING * * *
The mummy hits you!
You die...

#...#
#...#
##...##
##.....##
#...∩...#
#.......#
#...∩...#
##..ZMZ##
##.Z@##
#####


You could see a mummy, a hobgoblin zombie, a big kobold zombie and an orc
zombie.

Vanquished Creatures
  A centaur zombie (Ossuary)
  An orc priest (D:3)
  5 orc wizards
  2 mummies
  A gnoll (D:4)
  2 adders (D:2)
  A worm (D:3)
  2 dart slugs
  8 orcs
  A ball python (D:2)
  4 giant cockroaches
  6 goblins
  9 hobgoblins
  16 jackals
  4 kobolds
  3 bats
  8 frilled lizards
  A goblin zombie (Ossuary)
  A hobgoblin zombie (Ossuary)
  A kobold zombie (D:4)
  6 rats
83 creatures vanquished.

Notes
Turn   | Place    | Note
-------+----------+-------------------------------------------
     0 | D:1      | Monsterracer the Merfolk Fighter began the quest for the Orb.
     0 | D:1      | Reached XP level 1. HP: 18/18 MP: 1/1
    58 | D:1      | Reached skill level 4 in Polearms
    58 | D:1      | Reached XP level 2. HP: 22/24 MP: 2/2
   516 | D:2      | Reached skill level 5 in Polearms
   516 | D:2      | Reached XP level 3. HP: 28/29 MP: 3/3
   535 | D:2      | Gained mutation: You are agile. (Dex +2) [potion of mutation]
   535 | D:2      | Gained mutation: You possess an exceptional clarity of mind. [potion of mutation]
  1023 | D:2      | Reached skill level 6 in Polearms
  1025 | D:2      | Reached XP level 4. HP: 22/35 MP: 4/4
  1651 | D:3      | Reached skill level 1 in Dodging
  1661 | D:3      | Reached XP level 5. HP: 39/41 MP: 5/5
  1894 | D:3      | Reached skill level 7 in Polearms
  1921 | D:3      | Found a white marble altar of Elyvilon.
  1951 | D:3      | Found a snail-covered altar of Cheibriados.
  1960 | D:3      | Learned a level 1 spell: Magic Dart
  2656 | D:4      | Found a sand-covered staircase.
  2675 | D:4      | Reached XP level 6. HP: 22/48 MP: 6/6
  2755 | D:4      | Reached skill level 8 in Polearms
  2878 | Ossuary  | Entered an ossuary
  2916 | Ossuary  | HP: 1/49 [orc zombie (2)]
  2916 | Ossuary  | Mangled by a mummy

Vault maps used:
D:1:      dpeg_arrival_radiant, minmay_pentomino_t2
D:2:      hex_medium
D:3:      gammafunk_temple_overflow_pools
D:4:      lemuel_castle_with_subvaults, nicolae_ossuary_entry_giza,
          corexii_checkpoint_a, nicolae_underground_beach
Ossuary:  minmay_ossuary_gauntlet

Skill      XL: |  1  2  3  4  5  6 |
---------------+-------------------+-----
Polearms       | 4 5 6 7 8 |  8.2
Dodging        | 1 2 3 |  3.1
Fighting       | 4 |  4.3
Armour         | |  2.1
Shields        | |  3.0

Action                   |  1- 3 |  4- 6 || total
-------------------------+-------+-------++-------
Melee: Trident           |   118 |   199 ||   317
       Tailslap          |       |    11 ||    11
  Use: Potion            |     2 |     4 ||     6
 Stab: Sleeping          |       |     1 ||     1
       Distracted        |       |     1 ||     1
  Eat: Chunk             |       |     5 ||     5
       Royal jelly       |       |     1 ||     1
Armor: Scale mail        |    30 |    77 ||   107
Dodge: Dodged            |    19 |    70 ||    89
Block: Shield            |    48 |    12 ||    60
